 Dungeon Crawl Stone Soup version 0.32-a0-172-gc5dd13f2a7 (webtiles) character file.

Game seed: 17979765646936804194

19857 Zonian the Fighter (level 12, -3/106 HPs)
             Began as a Vine Stalker Fighter on Feb 13, 2024.
             Was a High Priest of Elyvilon.
             Killed from afar by a raiju (7 damage)
             ... with a living lightning
             ... on level 5 of the Lair of Beasts.
             The game lasted 00:48:05 (16391 turns).

Zonian the Fighter (Vine Stalker Fighter)          Turns: 16391, Time: 00:48:06

Health: -3/106     AC: 26    Str: 19    XL:     12   Next: 73%
Magic:  0/17       EV:  2    Int:  8    God:    Elyvilon [*****.]
Gold:   376        SH:  6    Dex: 24    Spells: 11/11 levels left

rFire   . . .        Z - +4 short sword (venom) {short}
rCold   . . .        c - +0 buckler
rNeg    . . .        m - melded +0 scale mail {rC+}
rPois   +            Q - melded +0 helmet
rElec   .            k - melded scarf {repulsion}
rCorr   .            (gloves currently unavailable)
SInv    +            s - melded +1 pair of boots
Will    +....        (no amulet)
Stlth   ++++         (no ring)
HPRegen 1.17/turn    X - ring "Ineitreg" {Dex+5 SInv}
MPRegen 0.15/turn

%: guardian spirit
@: tree-form, invisible
A: stationary, stasis, torment immunity, boosted hp, (fangs 3), regeneration 1,
magic shield, (antimagic bite), no potion heal 2
a: Renounce Religion, Purification, Heal Other, Heal Self, Divine Vigour


You were on level 5 of the Lair of Beasts.
You worshipped Elyvilon.
Elyvilon was extremely pleased with you.
You were a tree.
You visited 3 branches of the dungeon, and saw 15 of its levels.
You also visited: Bailey.

You collected 710 gold pieces.
You spent 334 gold pieces at shops.


Innate Abilities, Weirdness & Mutations

You are a tree.
Your roots penetrate the ground, keeping you stationary.
You cannot be teleported.
You are immune to unholy pain and torment.
Your maximum health is greatly increased.
Your equipment is partially melded.
((You have razor-sharp teeth.))
Your natural rate of healing is unusually fast.
When hurt, damage is shared between your health and your magic reserves.
((Your bite disrupts and absorbs the magic of your enemies.))
Potions cannot restore your health.


   Skills:
 + Level 12.0 Fighting
 - Level 7.7 Short Blades
 - Level 2.0(5.8) Polearms
 + Level 8.6(8.7) Staves
 - Level 4.1 Armour
 - Level 6.0 Stealth
 - Level 4.8 Shields
 - Level 6.0 Invocations
 + Level 3.7 Evocations


You had 11 spell levels left.
You didn't know any spells.
Your spell library contained the following spells:

 Spells                   Type           Power      Damage    Failure   Level
 Kiss of Death            Conj/Necr      0%         2d5       47%         1
 Magic Dart               Conj           0%         1d3       47%         1
 Sting                    Conj/Alch      0%         1d3       47%         1
 Summon Small Mammal      Summ           0%         N/A       47%         1
 Blink                    Tloc           0%         N/A       63%         2
 Call Imp                 Summ           0%         N/A       63%         2
 Lesser Beckoning         Tloc           0%         N/A       63%         2
 Mercury Vapours          Alch/Air       0%         N/A       63%         2
 Momentum Strike          Conj/Tloc      0%         3d8       63%         2
 Call Canine Familiar     Summ           0%         N/A       85%         3
 Confusing Touch          Hex            0%         N/A       85%         3
 Fugue of the Fallen      Necr           0%         N/A       85%         3
 Ozocubu's Armour         Ice            0%         N/A       85%         3
 Dispel Undead            Necr           0%         3d6       99%         4
 Manifold Assault         Tloc           0%         N/A       99%         4
 Olgreb's Toxic Radiance  Alch           0%         N/A       99%         4
 Summon Blazeheart Golem  Fire/Summ      0%         N/A       99%         4
 Lee's Rapid Deconstruct  Erth           0%         3d4*      100%        5
 Summon Forest            Summ/Tloc      0%         N/A       100%        5
 Summon Mana Viper        Hex/Summ       0%         N/A       100%        5
 Summon Cactus Giant      Summ           0%         N/A       100%        6

Inventory:

Hand Weapons
 f - a +1 dagger of protection {short}
   (You took it off a goblin on level 1 of the Dungeon)
 p - a +3 dagger of venom {short}
   (You took it off a kobold on level 2 of the Dungeon)
 G - the +9 staff of Olgreb {rPois∞, staff}
   (You found it in a bailey)

   Radiate:   It can be activated via the 'a'bility menu to radiate toxic
   energy, with effectiveness depending on Evocations skill.
   Alch:      It enhances your alchemy magic.
   rPois∞: It grants immunity to poison.
 L - a +3 dagger of freezing {short}
   (You found it on level 8 of the Dungeon)
 O - the +8 quarterstaff of Truth {flame, rF+ rCorr Str+2 Int+3, staff}
   (You found it on level 9 of the Dungeon)

   Str+2:     It affects your strength (+2).
   Int+3:     It affects your intelligence (+3).
   rF+:       It protects you from fire.
   rCorr:     It protects you from acid and corrosion.
 Z - a +4 short sword of venom (weapon) {short}
   (You took it off Sonja on level 3 of the Lair of Beasts)
Missiles
 a - 5 curare-tipped darts {=fthrowing}
 e - 30 poisoned darts (quivered) {throwing}
 E - 6 darts of dispersal {=f!fthrowing}
 F - 28 boomerangs {throwing}
Armour
 b - a +0 scale mail
 c - a +0 buckler (worn)
 k - a scarf of repulsion (melded)
   (You found it on level 4 of the Dungeon)
 m - a +0 scale mail of cold resistance (melded)
   (You took it off an orc on level 4 of the Dungeon)
 o - a +2 pair of boots
   (You found it on level 3 of the Lair of Beasts)
 s - a +1 pair of boots (melded)
   (You found it on level 3 of the Dungeon)
 y - a +0 cloak
   (You took it off Crazy Yiuf on level 5 of the Dungeon)
 D - an orb of guile
   (You found it on level 8 of the Dungeon)
 Q - a +0 helmet (melded)
   (You found it on level 2 of the Lair of Beasts)
Jewellery
 j - a ring of ice
   (You found it on level 4 of the Dungeon)
 T - a +6 ring of intelligence
   (You found it on level 2 of the Lair of Beasts)
 U - an amulet of guardian spirit
   (You found it on level 2 of the Lair of Beasts)
 X - the ring "Ineitreg" (right branch) {Dex+5 SInv}
   (You found it on level 3 of the Lair of Beasts)

   [ring of see invisible]

   Dex+5:     It affects your dexterity (+5).
   SInv:      It lets you see invisible.
Talismans
 u - a flux talisman
   (You found it on level 4 of the Dungeon)
Wands
 l - a wand of flame (16)
   (You found it on level 4 of the Dungeon)
 v - a wand of digging (4)
   (You found it on level 5 of the Dungeon)
 w - a wand of polymorph (11)
   (You found it on level 5 of the Dungeon)
 K - a wand of iceblast (5)
   (You found it on level 8 of the Dungeon)
 P - a wand of charming (7)
   (You took it off an orc on level 9 of the Dungeon)
Scrolls
 g - a scroll of fog
 h - 3 scrolls of teleportation {@r4}
 x - 2 scrolls of enchant weapon
 A - 6 scrolls of vulnerability {!r!r}
 I - 2 scrolls of fear {unknown}
 M - a scroll of poison {!r}
 S - a scroll of enchant armour
 W - a scroll of immolation {unknown}
 Y - 2 scrolls of revelation
Potions
 d - 4 potions of might
 i - a potion of ambrosia {unknown}
 q - a potion of enlightenment
 r - 2 potions of lignification {!q}
 t - a potion of cancellation
 z - a potion of curing {@q1}
 B - 2 potions of degeneration {unknown}
 C - a potion of haste {unknown}
 H - 2 potions of resistance
 J - a potion of brilliance
 R - 2 potions of mutation {unknown}

Dungeon Overview and Level Annotations

Branches:
Dungeon (9/15) Zot: 26088  Temple (1/1) D:4 Zot: 5976    Lair (5/5) D:9 Zot: 24316
 Shoals (0/4) Lair:2        Snake (0/4) Lair:2       Bailey (visited)
  Slime: Lair:4-5       Orc: D:9-12

Altars:
Ashenzari
Cheibriados
Dithmenos
Elyvilon
Fedhas
Gozag
Hepliaklqana
Kikubaaqudgha
Makhleb
Nemelex Xobeh
Okawaru
Qazlal
Ru
Sif Muna
Trog
Uskayaw
Vehumet
Wu Jian
Xom
Yredelemnul
Zin
The Shining One

Shops:
D:1 (   D:2 :   D:3 [

Annotations:
D:9 Erica

.. .... P..P### #####
.P#...##########.#..##
.P#....?#.#.#.##♣#§.!)#
#............#†#hh..###
#...#†....†..#hh.....
#.#...#...h#....##
#######..##.#$.## #..#
###... ....# h...
....## .). .....##


You could see a raiju (extremely poisoned), a warg, 2 black bears and a wolf.


Message History

😱 HP[+1] Unknown command.
The torpor snail bites you but does no damage.
Being near the torpor snail leaves you feeling lethargic. 😱 HP[+2]
You regained 2 hp, and now have 13/106 hp.
You strike the helpless hell hog from behind!
You impale the hell hog!!
The hell hog is poisoned.
You feel yourself speed up. You block the torpor snail's attack.
Being near the torpor snail leaves you feeling lethargic. 😱 HP[+1]
Your +3 dagger of venom {short} stops dripping with poison.
You smell chlorine.
G - the +9 staff of Olgreb (weapon)
{rPois∞, staff} You feel yourself speed up.
A polar bear comes into view. 😱 HP[+1]
Okay, then.
The smell of chlorine vanishes.
Your +4 short sword of venom {short} begins to drip with poison!
Z - a +4 short sword of venom (weapon)
{short} A black bear comes into view.
A wolf comes into view.
The polar bear moves out of view. 😱 MP[+1]
You hit the torpor snail.
The torpor snail looks as sick as possible!
The torpor snail bites you!
* * * LOW HITPOINT WARNING * * *
Being near the torpor snail leaves you feeling lethargic. 😱 HP[-14] MP[-1]
You take 14 damage, and now have 1/106 hp.
You lost 1 mp, and now have 0/17 mp.
Okay, then.
You hit the torpor snail.
The torpor snail looks as sick as possible!
You feel yourself speed up.
A black bear and a warg come into view. 😱 HP[+1]
The warg howls!
You hit the torpor snail but do no damage.
The torpor snail looks as sick as possible!
You hear an angry growl. x2; You hear a bark!
A polar bear comes into view.
The torpor snail bites you but does no damage.
Being near the torpor snail leaves you feeling lethargic. 😱 HP[+1]
Okay, then.
Okay, then.
Okay, then.
The black bear growls angrily.
You hit the torpor snail but do no damage.
The torpor snail looks as sick as possible!
You feel yourself speed up.
You hear an angry growl. x2
A polar bear comes into view.
The torpor snail bites you but does no damage.
Being near the torpor snail leaves you feeling lethargic.
A polar bear comes into view. 😱 HP[+1]
You hit the torpor snail.
You feel yourself speed up.
A polar bear comes into view.
A black bear comes into view. 😱 HP[+1]
The black bear growls angrily.
The polar bear growls angrily. x2
You hit the torpor snail but do no damage.
The torpor snail looks as sick as possible!
The torpor snail bites you but does no damage.
Being near the torpor snail leaves you feeling lethargic. 😱 HP[+1]
The black bear growls angrily.
You puncture the torpor snail!
You kill the torpor snail!
You feel yourself speed up.
You hear an angry growl. 😱 HP[+1]
The polar bear growls angrily.
You hit the raiju but do no damage. 😱 HP[+1] MP[+1]
You hit the raiju.
The raiju is poisoned.
A black bear comes into view. 😱 HP[+1]
You puncture the raiju!
The raiju looks as sick as possible!
The raiju bites you but does no damage.
You hit the raiju.
The raiju looks as sick as possible! 😱 HP[+1]
You puncture the raiju!
The raiju looks as sick as possible!
The raiju bursts into living lightning!
The living lightning hits you!
* * * LOW HITPOINT WARNING * * *
The raiju blinks! 😱 HP[-6] MP[-1]
You take 6 damage, and now have 4/106 hp.
You lost 1 mp, and now have 0/17 mp.
Unknown command.
You strike the helpless hell hog from behind!
You impale the hell hog!!
The hell hog looks as sick as possible!
The raiju bursts into living lightning!
The living lightning hits you!
You die...

Skill      XL: |  1  2  3  4  5  6  7  8  9 10 11 12 |
---------------+-------------------------------------+-----
Polearms       | 2 |  2.0
Fighting       | 3 4 5 7 9 11 12 | 12.0
Shields        | 3 4 |  4.8
Short Blades   | 1 2 3 4 6 7 |  7.7
Armour         | 3 4 |  4.1
Stealth        | 1 4 6 |  6.0
Invocations    | 2 5 6 |  6.0
Staves         | 2 7 8 |  8.6
Evocations     | 3 |  3.7

Action                     |  1- 3 |  4- 6 |  7- 9 | 10-12 || total
---------------------------+-------+-------+-------+-------++-------
  Melee: Trident           |    35 |       |       |       ||    35
         Bite              |    18 |    76 |   161 |   342 ||   597
         Dagger            |    63 |   193 |   427 |   533 ||  1216
         Short sword       |       |    14 |    22 |   124 ||   160
         Staff             |       |       |       |   114 ||   114
  Throw: Dart              |       |       |     2 |       ||     2
 Invoke: Purification      |       |     1 |       |     2 ||     3
         Heal Self         |       |       |     1 |     7 ||     8
Ability: Evoke the Staff o |       |       |       |    18 ||    18
  Evoke: Wand              |       |       |     1 |    12 ||    13
    Use: Scroll            |       |     7 |     5 |    11 ||    23
         Potion            |       |     2 |     1 |     6 ||     9
   Stab: Sleeping          |       |       |     2 |     3 ||     5
         Invisible         |       |       |       |     3 ||     3
 Armour: Scale mail        |    46 |   119 |   299 |   446 ||   910
         Skin              |       |       |       |    23 ||    23
  Dodge: Dodged            |    31 |    71 |   175 |   233 ||   510
         Repelled          |       |       |     2 |       ||     2
  Block: Buckler           |    21 |    41 |   124 |   148 ||   334

Levels and vault maps discovered:
D:1:      lemuel_arrival_broad_hall, layout_basic, serial_shops, shop,
          shapermc_ecumenical_altar_pompeii
D:2:      layout_basic, serial_shops, shop, hangedman_abyss_or_decor_stabs
D:3:      layout_loops_corners, grunt_qazlal_sundering, lemuel_crystal_altar,
          mainiacjoe_overflow_boulevard, serial_shops, nicolae_shop_statue_plus
D:4:      minmay_chambers_of_twos, layout_basic,
          minmay_temple_entry_gardened_gates, minmay_snake_closets
D:5:      layout_basic, minmay_misc_feat_rugged, kennysheep_generic_room_8,
          uniq_crazy_yiuf_cottage, uniq_pikel, uniq_eustachio
D:6:      layout_loops_corners, kiku_gazebo_garden_becter, grunt_decor_cap,
          minmay_misc_feat_encased, nicolae_concentric_dashed_squares_mild,
          minivault_1
D:7:      layout_rooms, enter_bailey_5
D:8:      cheibrodos_fertilizer, layout_loops_ring
D:9:      layout_rooms, hellmonk_lair_entry_icy, uniq_erica
Temple:   mainiacjoe_temple_coin_purse
Lair:1:   layout_regular_city, infiniplex_staircase_pool_2, lemuel_fruit_tree
Lair:2:   layout_layer_cave, minmay_shoals_entry_beasts,
          alex1729_snake_entry_snake
Lair:3:   layout_gridlike, uniq_sonja
Lair:4:   layout_cave_pods
Lair:5:   hangedman_lair_caniforms_friends, layout_gridlike,
          guppyfry_lair_end_dragon, slime_entry_2

Notes
Turn   | Place    | Note
-------+----------+-------------------------------------------
     0 | D:1      | Zonian the Vine Stalker Fighter began the quest for the
                  | Orb.
     0 | D:1      | Reached XP level 1. HP: 11/11 MP: 2/2
     0 | D:1      | magus.rc [v1.9.6]
   111 | D:1      | Reached skill level 2 in Polearms
   111 | D:1      | Reached XP level 2. HP: 16/16 MP: 1/3
   197 | D:1      | Found Itzousux's Antique Weapon Shoppe.
   208 | D:1      | You fall into a shaft and drop 1 floor!
   232 | D:2      | Reached skill level 3 in Fighting
   232 | D:2      | Reached skill level 3 in Shields
   232 | D:2      | Reached XP level 3. HP: 20/20 MP: 4/4
   387 | D:2      | Reached XP level 4. HP: 24/24 MP: 5/5
   390 | D:2      | Reached skill level 1 in Short Blades
   716 | D:1      | You add the spells Summon Small Mammal, Call Canine
                  | Familiar and Lee's Rapid Deconstruction to your library.
   716 | D:1      | Got Zeur's Treatise on Syndicated Topomancy
   869 | D:1      | Found a faded altar of an unknown god.
  1018 | D:2      | You pick up a book of Callings and begin reading...
  1079 | D:2      | Found Mufod's Book Emporium.
  1094 | D:2      | Reached skill level 3 in Armour
  1457 | D:3      | Found Gineor's Antique Armour Boutique.
  1547 | D:3      | Found a hide-covered altar of Uskayaw.
  1559 | D:3      | Reached XP level 5. HP: 24/28 MP: 6/6
  1680 | D:3      | Found a basalt altar of Yredelemnul.
  1840 | D:3      | Found a stormy altar of Qazlal.
  2250 | D:1      | Bought an encrusted dagger for 154 gold pieces
  2250 | D:1      | Identified the +10 dagger of Magnificence {chaos, rElec rF-
                  | Dex+2 Stlth+} (You bought it in a shop on level 1 of the
                  | Dungeon)
  2624 | D:4      | Found a staircase to the Ecumenical Temple.
  2630 | Temple   | Entered the Ecumenical Temple
  2642 | Temple   | Became a worshipper of Elyvilon the Healer
  2848 | D:4      | You pick up a book of Touch and begin reading...
  2848 | D:4      | You add the spells Kiss of Death, Confusing Touch and
                  | Dispel Undead to your library.
  2964 | D:4      | Reached skill level 2 in Short Blades
  3029 | D:4      | Reached XP level 6. HP: 33/33 MP: 7/7
  3117 | D:4      | Noticed a black bear
  3135 | D:4      | Killed a black bear
  3136 | D:4      | Reached skill level 4 in Fighting
  3136 | D:4      | Reached skill level 4 in Shields
  3191 | D:4      | Reached * piety under Elyvilon
  3576 | D:4      | Reached XP level 7. HP: 25/37 MP: 8/8
  4016 | D:5      | Entered Level 5 of the Dungeon
  4025 | D:5      | Reached skill level 3 in Short Blades
  4038 | D:5      | Reached skill level 4 in Armour
  4105 | D:5      | You pick up a book of Battle and begin reading...
  4105 | D:5      | You add the spells Fugue of the Fallen, Ozocubu's Armour
                  | and Manifold Assault to your library.
  4171 | D:5      | Reached ** piety under Elyvilon
  4238 | D:5      | Reached skill level 1 in Stealth
  4346 | D:5      | Gained mutation: You have razor-sharp teeth. [Vine Stalker
                  | growth]
  4346 | D:5      | Reached XP level 8. HP: 34/42 MP: 5/9
  4354 | D:5      | Noticed Pikel
  4357 | D:5      | Reached skill level 2 in Stealth
  4382 | D:5      | HP: 8/42 [Pikel/+0 whip of electrocution (8)]
  4390 | D:5      | HP: 8/42 [Pikel/+0 whip of electrocution (4)]
  4391 | D:5      | Killed Pikel
  4392 | D:5      | Reached skill level 5 in Fighting
  4392 | D:5      | Reached skill level 4 in Short Blades
  4392 | D:5      | Reached skill level 3 in Stealth
  4392 | D:5      | Reached skill level 2 in Invocations
  4519 | D:5      | Noticed Eustachio
  4537 | D:5      | Killed Eustachio
  4538 | D:5      | Reached skill level 4 in Stealth
  5043 | D:5      | Found a runed translucent door.
  5044 | D:5      | Noticed Crazy Yiuf
  5050 | D:5      | Paralysed by Crazy Yiuf for 1 turns
  5051 | D:5      | Killed Crazy Yiuf
  5052 | D:5      | Reached XP level 9. HP: 24/48 MP: 8/12
  5186 | D:6      | Reached skill level 3 in Invocations
  5390 | D:6      | Reached skill level 5 in Stealth
  5416 | D:6      | Found an ancient bone altar of Kikubaaqudgha.
  5481 | D:6      | Reached skill level 5 in Short Blades
  5524 | D:6      | Reached *** piety under Elyvilon
  5642 | D:6      | Reached skill level 6 in Fighting
  5953 | D:3      | Bought a faintly humming helmet for 180 gold pieces
  5953 | D:3      | Identified the +0 helmet "Buyl" {Harm Str+7 Slay-2 Stlth-}
                  | (You bought it in a shop on level 3 of the Dungeon)
  6426 | D:7      | Found a flagged portal.
  6497 | Bailey   | Entered a bailey
  6543 | Bailey   | HP: 10/48 [kobold brigand/+0 war axe (4)]
  6660 | Bailey   | Found the +9 staff of Olgreb {rPois∞}
  6669 | Bailey   | You pick up a book of the Wilderness and begin reading...
  6669 | Bailey   | You add the spells Summon Forest, Summon Mana Viper and
                  | Summon Cactus Giant to your library.
  6703 | D:7      | Reached skill level 4 in Invocations
  6860 | D:7      | Reached skill level 6 in Stealth
  7378 | D:7      | You pick up a book of Spatial Translocations and begin
                  | reading...
  7378 | D:7      | You add the spells Blink, Momentum Strike and Lesser
                  | Beckoning to your library.
  7503 | D:8      | Reached skill level 6 in Short Blades
  7746 | D:8      | Reached skill level 5 in Invocations
  7754 | D:8      | Reached **** piety under Elyvilon
  7931 | D:8      | Reached skill level 7 in Fighting
  7931 | D:8      | Reached XP level 10. HP: 52/55 MP: 14/14
  7958 | D:8      | HP: 13/55 [steam dragon] (5)]
  9125 | D:8      | Reached skill level 6 in Invocations
  9170 | D:8      | Found a sparkling altar of Nemelex Xobeh.
  9170 | D:8      | Found an ornate altar of the Wu Jian Council.
  9170 | D:8      | Found a shimmering blue altar of Sif Muna.
  9170 | D:8      | Found an iron altar of Okawaru.
  9170 | D:8      | Found a hazy altar of Hepliaklqana.
  9170 | D:8      | Found a white marble altar of Elyvilon.
  9233 | D:8      | Reached skill level 7 in Short Blades
  9615 | D:9      | Noticed a kobold demonologist
  9775 | D:9      | Killed a kobold demonologist
  9776 | D:9      | Reached skill level 8 in Fighting
  9818 | D:9      | Noticed a green ugly thing
  9884 | D:9      | Killed a green ugly thing
 10013 | D:9      | Identified the +8 quarterstaff of Truth {flame, rF+ rCorr
                  | Str+2 Int+3}
 10101 | D:9      | Reached skill level 1 in Staves
 10129 | D:9      | Reached skill level 2 in Staves
 10262 | D:9      | Reached skill level 9 in Fighting
 10387 | D:9      | Found a staircase to the Lair.
 10423 | D:9      | Reached XP level 11. HP: 49/62 MP: 12/16
 10460 | D:9      | You add the spells Sting, Mercury Vapours and Olgreb's
                  | Toxic Radiance to your library.
 10504 | D:9      | You pick up a book of Minor Magic and begin reading...
 10504 | D:9      | You add the spells Magic Dart and Call Imp to your library.
 10533 | D:9      | Noticed Erica
 10540 | D:9      | HP: 9/62 [Erica/bolt of poison (16)]
 10541 | D:9      | HP: 4/62 [Erica/+0 scimitar of flaming (3)]
 10567 | Lair:1   | Entered Level 1 of the Lair of Beasts
 10715 | Lair:1   | Reached skill level 3 in Staves
 10763 | Lair:1   | Reached skill level 4 in Staves
 11202 | Lair:1   | Reached ***** piety under Elyvilon
 11678 | Lair:1   | Reached skill level 5 in Staves
 11748 | Lair:1   | Reached skill level 10 in Fighting
 12050 | Lair:2   | HP: 9/63 [komodo dragon (12)]
 12295 | Lair:2   | Elyvilon protects you from harm!
 12298 | Lair:2   | HP: 13/63 [komodo dragon (10)]
 12815 | Lair:2   | Found a staircase to the Snake Pit.
 12908 | Lair:2   | Noticed a manticore
 12915 | Lair:2   | Found a staircase to the Shoals.
 12937 | Lair:2   | Killed a manticore
 13031 | Lair:2   | Reached skill level 6 in Staves
 13711 | Lair:2   | HP: 15/64 [elephant (6)]
 13725 | Lair:2   | HP: 14/64 [elephant (5)]
 13730 | Lair:2   | HP: 7/64 [elephant (6)]
 13733 | Lair:2   | Reached skill level 11 in Fighting
 13733 | Lair:2   | Reached skill level 7 in Staves
 13733 | Lair:2   | Reached XP level 12. HP: 35/70 MP: 5/17
 14738 | Lair:3   | Identified the ring "Ineitreg" {Dex+5 SInv}
 14953 | Lair:3   | Found the +7 mace of Variability {chaos, chaos arc}
 15069 | Lair:3   | Noticed Sonja
 15135 | Lair:3   | Reached skill level 1 in Evocations
 15695 | Lair:3   | Killed Sonja
 15696 | Lair:3   | Reached skill level 8 in Staves
 15696 | Lair:3   | Reached skill level 2 in Evocations
 16059 | Lair:4   | Reached skill level 3 in Evocations
 16219 | Lair:4   | You fall into a shaft and drop 1 floor!
 16219 | Lair:5   | Entered Level 5 of the Lair of Beasts
 16219 | Lair:5   | Noticed a four-headed hydra
 16366 | Lair:5   | Noticed a hell hog
 16367 | Lair:5   | HP: 10/71 [hell hound/blast of flame (13)]
 16373 | Lair:5   | Reached skill level 12 in Fighting
 16373 | Lair:5   | Elyvilon protects you from harm!
 16379 | Lair:5   | HP: 1/106 [torpor snail (15)]
 16390 | Lair:5   | HP: 4/106 [raiju/living lightning (7)]
 16391 | Lair:5   | Killed from afar by a raiju

Vanquished Creatures
  Sonja (Lair:3)
  Pikel (D:5)
  An ugly thing (D:9)
  A manticore (Lair:2)
  A black mamba (Lair:3)
  6 elephants
  6 cane toads
  A torpor snail (Lair:5)
  A kobold demonologist (D:9)
  A rime drake (Lair:1)
  3 komodo dragons
  2 polar bears
  A hornet (D:9)
  A wind drake (Lair:2)
  6 blink frogs (Lair:3)
  2 slime creatures (D:8)
  A wyvern (Lair:2)
  A warg (Lair:5)
  16 yaks
  Eustachio (D:5)
  5 basilisks
  2 steam dragons
  2 nagas (Lair:2)
  3 hell hounds (Lair:5)
  4 water moccasins
  3 orc warriors
  6 ice beasts
  2 sky beasts
  6 black bears
  2 ogres (D:5)
  7 wolves
  2 centaurs
  3 lemures (D:5)
  A phantom (D:7)
  6 kobold brigands
  9 bullfrogs
  2 scorpions (D:5)
  2 gnoll sergeants (D:8)
  2 wights
  6 killer bees
  5 howler monkeys
  A bombardier beetle (D:5)
  An electric eel (Lair:3)
  4 orc priests
  3 hounds
  4 jellies
  2 gnoll boudas
  Crazy Yiuf (D:5)
  2 sleepcaps
  4 orc wizards
  An iguana (D:5)
  25 gnolls
  18 adders
  2 shadow imps (D:6)
  5 white imps
  5 dart slugs
  2 ribbon worms
  28 orcs
  2 bats
  10 endoplasms
  A giant cockroach (D:2)
  15 goblins
  11 hobgoblins
  5 jackals
  36 kobolds
  4 quokkas
  6 ball pythons
  A frilled lizard (D:1)
  4 rats
337 creatures vanquished.

Vanquished Creatures (others)
  A raiju (Lair:5)
  A wight (D:8)
2 creatures vanquished.

Grand Total: 339 creatures vanquished

Table legend:
 A = Non-vault XP
 B = Vault XP
 C = Vault XP percentage of total XP
 D = Non-vault monster count
 E = Vault monster count
 F = Vault count percentage of total count
                 A         B        C        D         E       F
            +---------+---------+-------+---------+---------+-------
      Total |   21530 |    6838 |  24.1 |     256 |      80 |  23.8
            +---------+---------+-------+---------+---------+-------
        D:1 |      41 |       0 |   0.0 |      20 |       0 |   0.0
        D:2 |      96 |       0 |   0.0 |      27 |       0 |   0.0
        D:3 |     121 |       0 |   0.0 |      15 |       0 |   0.0
        D:4 |     297 |     184 |  38.3 |      22 |      18 |  45.0
        D:5 |     792 |     836 |  51.4 |      18 |       4 |  18.2
        D:6 |     479 |       0 |   0.0 |      19 |       0 |   0.0
        D:7 |    1073 |     145 |  11.9 |      19 |       5 |  20.8
        D:8 |    1897 |     437 |  18.7 |      43 |      15 |  25.9
        D:9 |    1705 |     875 |  33.9 |      15 |       7 |  31.8
     Lair:1 |    4049 |       0 |   0.0 |      17 |       0 |   0.0
     Lair:2 |    5407 |    1047 |  16.2 |      19 |       4 |  17.4
     Lair:3 |    4526 |     772 |  14.6 |      19 |       1 |   5.0
     Lair:4 |    1047 |       0 |   0.0 |       3 |       0 |   0.0
     Lair:5 |       0 |    2235 | 100.0 |       0 |      14 | 100.0
     Bailey |       0 |     307 | 100.0 |       0 |      12 | 100.0
            +---------+---------+-------+---------+---------+-------

Skill      XL: |  1  2  3  4  5  6  7  8  9 10 11 12 |
---------------+-------------------------------------+-----
Polearms       | 2 |  2.0
Fighting       | 3 4 5 7 9 11 12 | 12.0
Shields        | 3 4 |  4.8
Short Blades   | 1 2 3 4 6 7 |  7.7
Armour         | 3 4 |  4.1
Stealth        | 1 4 6 |  6.0
Invocations    | 2 5 6 |  6.0
Staves         | 2 7 8 |  8.6
Evocations     | 3 |  3.7

Action                     |  1- 3 |  4- 6 |  7- 9 | 10-12 || total
---------------------------+-------+-------+-------+-------++-------
  Melee: Trident           |    35 |       |       |       ||    35
         Bite              |    18 |    76 |   161 |   342 ||   597
         Dagger            |    63 |   193 |   427 |   533 ||  1216
         Short sword       |       |    14 |    22 |   124 ||   160
         Staff             |       |       |       |   114 ||   114
  Throw: Dart              |       |       |     2 |       ||     2
 Invoke: Purification      |       |     1 |       |     2 ||     3
         Heal Self         |       |       |     1 |     7 ||     8
Ability: Evoke the Staff o |       |       |       |    18 ||    18
  Evoke: Wand              |       |       |     1 |    12 ||    13
    Use: Scroll            |       |     7 |     5 |    11 ||    23
         Potion            |       |     2 |     1 |     6 ||     9
   Stab: Sleeping          |       |       |     2 |     3 ||     5
         Invisible         |       |       |       |     3 ||     3
 Armour: Scale mail        |    46 |   119 |   299 |   446 ||   910
         Skin              |       |       |       |    23 ||    23
  Dodge: Dodged            |    31 |    71 |   175 |   233 ||   510
         Repelled          |       |       |     2 |       ||     2
  Block: Buckler           |    21 |    41 |   124 |   148 ||   334

Illustrated notes

Table legend:
 A = Kills in this place as a percentage of kills in the entire game.
 B = Kills by you in this place as a percentage of kills by you in the entire game.
 C = Kills by friends in this place as a percentage of kills by friends in the entire game.
 D = Other kills in this place as a percentage of other kills in the entire game.
 E = Experience gained in this place as a percentage of experience gained in the entire game.
 F = Experience gained in this place divided by the number of levels of this place that you have seen.
                   A       B       C       D       E      F
               +-------+-------+-------+-------+-------+----------------------
         Total | 100.0 | 100.0 |   N/A | 100.0 | 100.0 | 1773.0
       Dungeon |  73.5 |  73.7 |   N/A |  50.0 |  31.6 | 997.6
          Lair |  22.9 |  22.8 |   N/A |  50.0 |  67.3 | 3816.6
        Bailey |   3.6 |   3.6 |   N/A |   0.0 |   1.1 | 307.0
               +-------+-------+-------+-------+-------+----------------------

Table legend: (Time is in decaauts)
 A = Elapsed time spent in this place.
 B = Non-inter-level travel time spent in this place.
 C = Inter-level travel time spent in this place.
 D = Time resting spent in this place.
 E = Time spent auto-exploring this place.
 F = Levels seen in this place.
 G = Mean time per level.
                   A        B        C        D        E       F      G
               +--------+--------+--------+--------+--------+-----+--------+
         Total |  16082 |  15339 |    743 |   4573 |   7540 |  16 | 1005.1 |
       Dungeon |  10176 |   9540 |    636 |   2179 |   5278 |   9 | 1130.7 |
        Temple |     23 |     15 |      8 |      0 |      0 |   1 |   23.0 |
          Lair |   5683 |   5584 |     99 |   2348 |   2232 |   5 | 1136.6 |
        Bailey |    199 |    199 |      0 |     46 |     29 |   1 |  199.0 |
               +--------+--------+--------+--------+--------+-----+--------+

Top non-repeatable levels by time:
  Lair:2: 2279 daAuts
     D:8: 1803 daAuts
  Lair:3: 1576 daAuts
  Lair:1: 1412 daAuts
     D:4: 1396 daAuts
     D:7: 1221 daAuts
     D:3: 1214 daAuts
     D:6: 1135 daAuts
     D:5: 1118 daAuts
     D:2: 864 daAuts
     D:9: 785 daAuts
     D:1: 637 daAuts
  Lair:4: 250 daAuts
  Bailey: 199 daAuts
  Lair:5: 165 daAuts
